 Dungeon Crawl Stone Soup version 0.21.1-1-g345015f (webtiles) character file.

75 Iko the Charlatan (level 4, -23/32 HPs)
             Began as a Mummy Artificer on May 2, 2018.
             Killed themself with a badly aimed fireball (28 damage)
             ... on level 4 of the Dungeon.
             The game lasted 00:04:58 (128 turns).

Iko the Charlatan (Mummy Artificer)                  Turns: 128, Time: 00:04:59

Health: -23/32     AC:  4    Str: 15    XL:     4   Next: 11%
Magic:  6/6        EV: 12    Int: 11    God:
Gold:   0          SH:  0    Dex: 12    Spells: 3/3 levels left

rFire    x . .     SeeInvis .   h - +0 hand axe
rCold    + . .     Gourm    .   (no shield)
rNeg     + + +     Faith    .   b - +0 leather armour
rPois    ∞         Spirit   .   (no helmet)
rElec    .         Reflect  .   (no cloak)
rCorr    .         Harm     .   (no gloves)
MR       .....                  g - +0 pair of boots
Stlth    +.........             f - amulet of magic regeneration
HPRegen  0.10/turn              (no ring)
MPRegen  0.35/turn              (no ring)

@: no status effects
A: no food or potions, fire vulnerability, cold resistance 1, negative energy
resistance 3, torment resistance, unbreathing
a: no special abilities


You were on level 4 of the Dungeon.
You were not hungry.

You visited 1 branch of the dungeon, and saw 4 of its levels.

Inventory:

Hand Weapons
 h - a +0 hand axe (weapon)
Armour
 b - a +0 leather armour (worn)
 g - a +0 pair of boots (worn)
Jewellery
 f - an amulet of magic regeneration (around neck)
Wands
 c - a wand of flame (10)
 d - a wand of enslavement (13)
 e - a wand of random effects (12)


   Skills:
 + Level 1.1 Fighting
   Level 0.8 Short Blades
 + Level 2.0 Dodging
 + Level 0.7 Stealth
 + Level 3.8 Evocations


You had 3 spell levels left.
You didn't know any spells.

Dungeon Overview and Level Annotations

Branches:
Dungeon (4/15)
 Temple: D:4-7

Altars:


Innate Abilities, Weirdness & Mutations

You do not eat or drink.
Your flesh is vulnerable to fire.
You are immune to poison.
Your flesh is cold resistant. (rC+)
You are immune to negative energy. (rN+++)
You are immune to unholy pain and torment.
You can survive without breathing.


Message History

The gnoll moves out of view.
The leopard gecko bites you.
* * * LOW HITPOINT WARNING * * *
The leopard gecko bites you but does no damage.
The gnoll misses you.
There is a stone staircase leading down here.
The leopard gecko bites you but does no damage.
The leopard gecko closely misses you. The gnoll barely misses you.
You climb downwards.
Your magical contamination has completely faded away.
Found a ration.
Found a stone staircase leading down.
There is a stone staircase leading up here.
Aiming: Random Effects
Press: ? - help, Shift-Dir - straight line, f - gnoll
Aim: a gnoll, wielding a flail The fireball explodes!
The fireball engulfs the gnoll.
You kill the gnoll!
You have reached level 4!
The fireball engulfs you! The fire burns you terribly!
Ouch! That really hurt!
You die...

... #.. # ##..
.# ... ...
###.. .... ...
....# #l#.....#
#@......#
......).....>.#
.........##...#
###......# ..#
......... #
##..%......
###.#.....
........∩


You could see a leopard gecko.

Vanquished Creatures
  The ghost of Verendum the Caller, an amateur VSSu (D:3)
  A gnoll (D:4)
  An orc (D:3)
  A goblin (D:1)
  2 kobolds
6 creatures vanquished.

Notes
Turn   | Place    | Note
-------+----------+-------------------------------------------
     0 | D:1      | Iko the Mummy Artificer began the quest for the Orb.
     0 | D:1      | Reached XP level 1. HP: 15/15 MP: 2/2
    67 | D:3      | Noticed Verendum's ghost (amateur VSSu)
    77 | D:3      | Noticed a crimson imp
    78 | D:3      | Killed Verendum's ghost
    78 | D:3      | Reached skill level 3 in Evocations
    78 | D:3      | Reached XP level 2. HP: 16/21 MP: 2/4
    78 | D:3      | Reached XP level 3. HP: 20/26 MP: 2/5
   128 | D:4      | Reached XP level 4. HP: 5/32 MP: 6/6
   128 | D:4      | Killed themself with a badly aimed fireball

Skill      XL: |  1  2  3 |
---------------+----------+-----
Evocations     | 3 |  3.8
Dodging        | 2 |  2.0
Fighting       | |  1.1
Short Blades   | |  0.8
Stealth        | |  0.7

Action                   |  1- 3 |  4- 6 || total
-------------------------+-------+-------++-------
Melee: Short sword       |    10 |       ||    10
       Hand axe          |     2 |       ||     2
Evoke: Wand              |    10 |       ||    10
  Use: Scroll            |     1 |       ||     1
Armor: Leather armour    |     5 |       ||     5
Dodge: Dodged            |    10 |       ||    10
